 Dungeon Crawl Stone Soup version 0.25.1-2-g60ff931df9 (webtiles) character file.

Game seed: 11602946464744086806

1922 hawla the Cleaver (level 8, -1/71 HPs)
             Began as a Minotaur Fighter on Oct 19, 2020.
             Was an Initiate of Gozag.
             Succumbed to a killer bee's poison
             ... on level 6 of the Dungeon.
             The game lasted 00:09:57 (4884 turns).

hawla the Cleaver (Minotaur Fighter)                Turns: 4884, Time: 00:09:57

Health: -1/71      AC:  5    Str: 20 (23) XL:     8   Next: 96%
Magic:  7/7        EV: 12    Int:  3 (5)  God:    Gozag
Gold:   1063       SH:  0    Dex:  9 (10) Spells: 7/7 levels left

rFire    . . .     SeeInvis .   v - +1 flail (drain)
rCold    . . .     Gourm    .   (no shield)
rNeg     . . .     Faith    .   D - +0 robe {MR+}
rPois    .         Spirit   .   (helmet restricted)
rElec    .         Reflect  .   p - +0 cloak
rCorr    .         Harm     .   s - +0 pair of gloves
MR       +....                  (no boots)
Stlth    +.........             (no amulet)
HPRegen  0.21/turn              B - ring of wizardry
MPRegen  0.10/turn              (no ring)

@: lethally poisoned (-1 -> -29), gold aura, very slightly contaminated,
invisible
A: retaliatory headbutt, horns 2
a: Potion Petition, Call Merchant, Bribe Branch, Renounce Religion


You were on level 6 of the Dungeon.
You worshipped Gozag.
Gozag was most pleased with you.
You were not hungry.

You visited 2 branches of the dungeon, and saw 7 of its levels.

You collected 1095 gold pieces.
You paid 32 gold pieces to Gozag.

Inventory:

Hand Weapons
 a - a +1 war axe of draining
 v - a +1 flail of draining (weapon)
 w - a +0 battleaxe
Missiles
 e - 53 poisoned darts (quivered)
 g - a throwing net
 n - 3 javelins
Armour
 p - a +0 cloak (worn)
 q - a +1 chain mail
 s - a +0 pair of gloves (worn)
 D - a +0 robe of magic resistance (worn)
Jewellery
 B - a ring of wizardry (left hand)
Wands
 t - a wand of paralysis (10)
 u - a wand of flame (13)
 y - a wand of clouds (6)
Scrolls
 j - 2 scrolls of remove curse
 m - 2 scrolls of enchant armour
 o - 3 scrolls of teleportation
 z - a scroll of amnesia
 A - a scroll of fog
 C - a scroll of blinking
Potions
 b - a potion of haste
 c - a potion of cancellation
 d - 5 potions of might
 h - a potion of stabbing
 i - a potion of resistance
 r - 2 potions of lignification {unknown}
 x - a potion of flight {unknown}
Comestibles
 f - 4 rations


   Skills:
 + Level 6.8 Fighting
 + Level 9.9(10.0) Axes
 + Level 2.7(6.8) Maces & Flails
 + Level 1.9 Throwing
 + Level 7.6 Armour
 + Level 1.7 Dodging
 + Level 0.8 Stealth
   Level 3.6 Shields


You had 7 spell levels left.
You didn't know any spells.
Your spell library contained the following spells:

 Spells                   Type           Power        Failure   Level  Hunger
 Magic Dart               Conj           #...         24%         1    ##.....
 Searing Ray              Conj           #.....       34%         2    ###....
 Dazzling Flash           Conj/Hex       #.....       56%         3    ####...
 Fulminant Prism          Conj/Hex       #.........   91%         4    #####..
 Iskenderun's Mystic Bla  Conj/Tloc      #.......     91%         4    #####..


Dungeon Overview and Level Annotations

Branches:
Dungeon (6/15)             Temple (1/1) D:5

Altars:
Fedhas
Gozag
Makhleb
Qazlal

Annotations:
D:3 3 runed translucent doors, galacticnek0's ghost, amateur DrSk


Innate Abilities, Weirdness & Mutations

You reflexively headbutt those who attack you in melee.
You have a pair of horns on your head.


Message History

* * * LOW HITPOINT WARNING * * *
You feel sick. The killer bee stings you.
* * * LOW HITPOINT WARNING * * *
You are more poisoned.
The killer bee poisons you!
It was a potion of invisibility.
You fade into invisibility!
* * * LOW HITPOINT WARNING * * *
You feel very sick.
The killer bee is no longer distracted by gold.
The killer bee stings you!
* * * LOW HITPOINT WARNING * * *
The killer bee stings you.
* * * LOW HITPOINT WARNING * * *
You are very lightly contaminated with residual magic.
It was a potion of degeneration.
There was something very wrong with that liquid.
You feel weakened.
You feel dopey.
You feel clumsy.
You die...
Your body crumbles into a pile of gold.

# #########.####
#............#
#.######..##.# # #.#
#..##.# ###.######..##.# #
.##.##......##.# .#
..#.##.#.#.###.# ..##
.)))##.....###.#####....##
................@yyyy.....
...............####y....##
..######.#.##### .a..##
.## ###.# ......# ## .#
......# # ......# ...####
.!.#


You could see 5 killer bees.

Vanquished Creatures
  Grinder (D:5)
  A phantom (D:4)
  An orc warrior (D:6)
  3 ogres
  2 centaurs (D:5)
  A bullfrog (D:4)
  A scorpion (D:5)
  A killer bee (D:6)
  A howler monkey (D:6)
  A crimson imp (D:6)
  2 quasits (D:5)
  A gnoll shaman (D:5)
  3 orc priests
  2 hounds (D:4)
  A centaur zombie (D:5)
  A jelly (D:5)
  Jessica (D:3)
  A centaur skeleton (D:4)
  Terence (D:2)
  2 iguanas
  A worker ant (D:4)
  5 orc wizards
  2 hound skeletons
  Robin (D:3)
  6 gnolls
  7 adders
  A shadow imp (D:3)
  2 worms
  A dart slug (D:1)
  29 orcs
  10 bats
  A giant cockroach (D:2)
  10 goblins
  12 hobgoblins
  11 jackals
  A quokka (D:3)
  3 ball pythons
  2 frilled lizards (D:2)
  9 kobolds
  4 rats (D:1)
146 creatures vanquished.

Notes
Turn   | Place    | Note
-------+----------+-------------------------------------------
     0 | D:1      | hawla the Minotaur Fighter began the quest for the Orb.
     0 | D:1      | Reached XP level 1. HP: 19/19 MP: 0/0
   253 | D:1      | Reached XP level 2. HP: 26/27 MP: 1/1
   605 | D:1      | Reached XP level 3. HP: 33/34 MP: 2/2
   708 | D:2      | Noticed Terence
   721 | D:2      | Killed Terence
   721 | D:2      | Reached skill level 3 in Axes
   895 | D:2      | Reached XP level 4. HP: 41/41 MP: 3/3
  1118 | D:2      | Found an opulent altar of Gozag.
  1136 | D:2      | Became a worshipper of Gozag Ym Sagoz the Greedy
  1197 | D:2      | Found an opulent altar of Gozag.
  1468 | D:3      | Reached skill level 4 in Axes
  1474 | D:3      | Reached skill level 1 in Dodging
  1562 | D:3      | Reached XP level 5. HP: 42/47 MP: 4/4
  1625 | D:3      | Noticed an ogre
  1631 | D:3      | Killed an ogre
  1631 | D:3      | Reached skill level 5 in Fighting
  1631 | D:3      | Reached skill level 5 in Axes
  1832 | D:3      | Found a runed translucent gate.
  1832 | D:3      | Noticed galacticnek0's ghost (amateur DrSk)
  1833 | D:3      | Found a runed translucent gate.
  1833 | D:3      | Found a runed translucent gate.
  1876 | D:3      | Reached XP level 6. HP: 56/56 MP: 5/5
  2004 | D:3      | Noticed Robin
  2010 | D:3      | Killed Robin
  2010 | D:3      | Reached skill level 5 in Armour
  2179 | D:3      | Noticed Jessica
  2199 | D:3      | Killed Jessica
  2463 | D:3      | Reached skill level 6 in Axes
  2536 | D:3      | Found a stormy altar of Qazlal.
  2539 | D:3      | Found a blossoming altar of Fedhas.
  2542 | D:3      | Found a burning altar of Makhleb.
  2652 | D:4      | Reached skill level 1 in Throwing
  2670 | D:4      | Reached XP level 7. HP: 61/61 MP: 6/6
  2731 | D:4      | Reached skill level 7 in Axes
  3685 | D:4      | Reached skill level 8 in Axes
  3709 | D:5      | Entered Level 5 of the Dungeon
  3712 | D:5      | Found a stormy altar of Qazlal.
  3713 | D:5      | Noticed an air elemental
  3714 | D:5      | Noticed a fire elemental
  3799 | D:5      | Noticed Grinder
  3807 | D:5      | Killed Grinder
  3807 | D:5      | Reached XP level 8. HP: 59/70 MP: 7/7
  3869 | D:5      | Found a staircase to the Ecumenical Temple.
  3872 | D:5      | Reached skill level 9 in Axes
  4277 | D:5      | Reached skill level 1 in Maces & Flails
  4655 | Temple   | Entered the Ecumenical Temple
  4883 | D:6      | HP: 3/71 [killer bee (7)]
  4884 | D:6      | Succumbed to a killer bee's poison

Illustrated notes

Levels and vault maps discovered:
D:1:      minmay_arrival_doors, layout_basic, st_stairs_11
D:2:      layout_basic, grunt_gozag_statues, kennysheep_flooded_box,
          uniq_terence
D:3:      layout_loops_cross, grunt_temple_overflow_diamond,
          ebering_ghost_rock_garden, uniq_robin, uniq_jessica
D:4:      minmay_octagon_keep, layout_rooms
D:5:      layout_loops_cross, minmay_temple_entry_ruins, first_ration,
          corexii_checkpoint_a, nicolae_qazlal_style_of_elements, uniq_grinder
D:6:      layout_loops_corners, lemuel_round_altar, cheibrodos_worm_habitat,
          uniq_pikel, uniq_edmund
Temple:   minmay_temple_curvy_loop

Skill      XL: |  1  2  3  4  5  6  7  8 |
---------------+-------------------------+-----
Fighting       | 4 5 6 |  6.8
Armour         | 4 5 6 7 |  7.6
Axes           | 3 4 5 6 8 9 |  9.9
Dodging        | 1 |  1.7
Throwing       | 1 |  1.9
Maces & Flails | 2 |  2.7
Stealth        | |  0.8
Shields        | |  3.6

Action                   |  1- 3 |  4- 6 |  7- 9 || total
-------------------------+-------+-------+-------++-------
Melee: War axe           |    66 |   113 |   106 ||   285
       Headbutt          |    10 |    17 |    23 ||    50
       Flail             |       |       |    30 ||    30
       Battleaxe         |       |       |     7 ||     7
Throw: Dart              |       |    11 |     1 ||    12
       Javelin           |       |     3 |     1 ||     4
  Use: Scroll            |     2 |     6 |     5 ||    13
       Potion            |       |       |     4 ||     4
 Stab: Distracted        |       |     1 |       ||     1
  Eat: Ration            |       |     2 |     2 ||     4
       Chunk             |       |     1 |       ||     1
Armor: Scale mail        |    49 |     8 |       ||    57
       Chain mail        |       |    64 |    84 ||   148
       Robe              |       |       |     4 ||     4
Dodge: Dodged            |    53 |    56 |    74 ||   183
